 Dungeon Crawl Stone Soup version 0.28.0 (webtiles) character file.

Game seed: 14480994412128219466

635 SnakkuSnakku7 the Charlatan (level 7, -2/37 HPs)
             Began as a Deep Elf Artificer on Feb 16, 2022.
             Slain by an orc wizard (18 damage)
             ... on level 5 of the Dungeon.
             The game lasted 00:07:37 (6065 turns).

SnakkuSnakku7 the Charlatan (Deep Elf Artificer)    Turns: 6065, Time: 00:07:38

Health: -2/37      AC:  9    Str: 11    XL:     7   Next: 25%
Magic:  9/9        EV: 11    Int: 16    God:
Gold:   211        SH:  0    Dex: 15    Spells: 6/6 levels left

rFire   + . .      SeeInvis .   s - +1 dagger (elec)
rCold   . . .      Faith    .   (no shield)
rNeg    . . .      Spirit   .   w - +3 ring mail {rF+}
rPois   .          Reflect  .   (no helmet)
rElec   .          Harm     .   (no cloak)
rCorr   .          Rampage  .   (no gloves)
Will    .....                   f - +0 pair of boots
Stlth   +.........              (no amulet)
HPRegen 0.12/turn               (no ring)
MPRegen 0.11/turn               (no ring)

@: no status effects
A: no striking features
a: no special abilities


You were on level 5 of the Dungeon.
You visited 1 branch of the dungeon, and saw 5 of its levels.

You collected 211 gold pieces.

Inventory:

Hand Weapons
 a - a +0 club
 l - a +0 whip
 s - a +1 dagger of electrocution (weapon)
Missiles
 v - 4 poisoned darts
 B - 30 arrows
Armour
 b - a +0 leather armour
 f - a +0 pair of boots (worn)
 i - a +0 plate armour
 w - a +3 ring mail of fire resistance (worn)
Jewellery
 o - a ring of fire
 p - an amulet of guardian spirit
 C - the ring of Entrepreneurial Spirit {*Slow Fly rF- Will+ Int+6}
   (You found it on level 5 of the Dungeon)

   [ring of flight]

   Int:       It affects your intelligence (+6).
   rF:        It makes you vulnerable to fire.
   Fly:       It grants you flight.
   *Slow:     It may slow you when you take damage.
   Will:      It increases your willpower.
Wands
 c - a wand of flame (7) (quivered)
 d - a wand of charming (14)
Scrolls
 h - a scroll of enchant armour {unknown}
 j - a scroll of noise {unknown}
 m - a scroll of amnesia {unknown}
 n - a scroll of teleportation {unknown}
 r - a scroll of identify {unknown}
 u - a scroll of holy word {unknown}
 y - a scroll of fear {unknown}
 D - a scroll of magic mapping {unknown}
Potions
 g - 2 potions of flight {unknown}
 k - 3 potions of ambrosia {unknown}
 q - 3 potions of cancellation {unknown}
 t - 2 potions of curing {unknown}
 x - a potion of haste {unknown}
 z - 2 potions of degeneration {unknown}
 A - a potion of might {unknown}
Miscellaneous
 e - a piece from Xom's chessboard (15/15)


   Skills:
 - Level 0.7 Fighting
 + Level 5.3 Short Blades
 - Level 0.7 Armour
 - Level 2.4 Dodging
 - Level 1.2 Stealth
 - Level 7.0 Evocations


You had 6 spell levels left.
You didn't know any spells.
Your spell library was empty.

Dungeon Overview and Level Annotations

Branches:
Dungeon (5/15)
 Temple: D:4-7

Altars:
Fedhas
Zin
The Shining One

Annotations:
D:5 Eustachio


Message History

You hit the necrophage.
The necrophage is almost destroyed.
The necrophage barely misses you.
Eustachio mumbles some strange words.
Eustachio blinks!
You hit the necrophage.
You destroy the necrophage!
Your life force feels restored.
Your Short Blades skill increases to level 5!
The bat hits you but does no damage. The bat misses you.
The bat hits you but does no damage. x2
The bat hits you but does no damage.
Eustachio yells, "Perjured traitor, DIE!"
An orc wizard comes into view.
It is wielding a +1 dagger of electrocution.
The orc wizard shouts!
You hear a shout!
The bat hits you but does no damage.
Eustachio gestures wildly while chanting.
The bat hits you but does no damage. The bat closely misses you.
The bat hits you but does no damage.
The orc wizard mumbles some strange words.
The orc wizard flickers and vanishes!
Deactivating autopickup; reactivate with Ctrl-A.
You miss something. The bat hits you but does no damage.
The bat closely misses you. The bat misses you.
You hear some strange, mumbled words.
Something tries to affect you, but you resist.
The bat hits you but does no damage.
You hear some strange, mumbled words.
A magic dart appears from out of thin air!
The magic dart hits you.
Eustachio gestures wildly while chanting.
Eustachio blinks!
The bat closely misses you.
There is a stone staircase leading up here.
The bat misses you. Something hits you but does no damage.
You are electrocuted!!
You die...

##.#.......####.#####<.......
#..#...ยง.............###.###.
..###.................## # .##
##.....5...........#
##...##................#
#.....##.....5.........# #
.......##..............#...#
..._....###....ob...........
.......##.......@......###..
#.....##..............##
#+...##........#.....## .##
##....######.##### ..###....##
#..# #..#....## ....#
##.#...## ##... #....## #...
##...#


You could see a quasit (summoned), a white imp (summoned), an orc and a bat
(summoned).

Vanquished Creatures
  Menkaure (D:4)
  A black bear (D:3)
  A necrophage (D:5)
  A hound (D:2)
  An orc priest (D:3)
  Jessica (D:3)
  Ijyb (D:4)
  2 orc wizards
  5 adders
  An adder skeleton (D:4)
  An adder zombie (D:5)
  4 worms
  6 dart slugs
  10 orcs
  6 ball pythons
  11 endoplasms
  4 giant cockroaches
  7 hobgoblins
  7 kobolds
  2 quokkas (D:1)
  4 bats (D:2)
  5 frilled lizards
  4 goblins
  4 rats (D:2)
90 creatures vanquished.

Vanquished Creatures (collateral kills)
  An adder (D:3)
  A dart slug (D:3)
  A frilled lizard (D:3)
3 creatures vanquished.

Vanquished Creatures (others)
  5 plants (D:5)
5 creatures vanquished.

Grand Total: 98 creatures vanquished

Notes
Turn   | Place    | Note
-------+----------+-------------------------------------------
     0 | D:1      | SnakkuSnakku7 the Deep Elf Artificer began the quest for
                  | the Orb.
     0 | D:1      | Reached XP level 1. HP: 11/11 MP: 3/3
   234 | D:1      | Found a faded altar of an unknown god.
   260 | D:1      | Reached skill level 4 in Evocations
   260 | D:1      | Reached XP level 2. HP: 10/16 MP: 4/4
  1667 | D:2      | Reached XP level 3. HP: 9/20 MP: 5/5
  2241 | D:2      | Reached skill level 5 in Evocations
  2725 | D:2      | Reached XP level 4. HP: 18/24 MP: 6/6
  3375 | D:3      | Noticed Jessica
  3381 | D:3      | Killed Jessica
  3382 | D:3      | Reached skill level 6 in Evocations
  3394 | D:2      | Reached XP level 5. HP: 19/28 MP: 7/7
  3936 | D:3      | Reached skill level 7 in Evocations
  4238 | D:3      | Reached skill level 1 in Short Blades
  4780 | D:4      | Found a glowing silver altar of Zin.
  4780 | D:4      | Found a blossoming altar of Fedhas.
  5086 | D:4      | Noticed a black bear
  5101 | D:3      | Killed a black bear
  5102 | D:3      | Reached XP level 6. HP: 21/33 MP: 8/8
  5342 | D:4      | Noticed Ijyb
  5363 | D:4      | Killed Ijyb
  5467 | D:4      | Noticed Menkaure
  5471 | D:4      | Killed Menkaure
  5472 | D:4      | Reached XP level 7. HP: 23/37 MP: 9/9
  5883 | D:5      | Entered Level 5 of the Dungeon
  5892 | D:5      | Identified the ring of Entrepreneurial Spirit {*Slow Fly
                  | rF- Will+ Int+6}
  5920 | D:5      | Found a glowing golden altar of the Shining One.
  5995 | D:5      | Noticed Eustachio
  6047 | D:5      | Reached skill level 5 in Short Blades
  6065 | D:5      | Slain by an orc wizard

Illustrated notes

Levels and vault maps discovered:
D:1:      amcnicky_arrival_flooded_fountain, layout_rooms,
          ebering_ecumenical_altar_box, chequers_hall_statues_wall_a,
          serial_bayou_lagoon_a
D:2:      layout_basic, minmay_pentomino_w4
D:3:      minmay_diamond_boxcup, layout_rooms, uniq_jessica
D:4:      layout_cave_pools, gammafunk_temple_overflow_elements, uniq_menkaure,
          uniq_ijyb
D:5:      layout_rooms, tso_metal_star, ebering_ghost_reflecting_pool,
          serial_bayou, serial_bayou_pond_e, serial_bayou_ford_a,
          serial_bayou_crossing, serial_bayou_pond_b, serial_bayou_shore_a,
          uniq_eustachio

Skill      XL: |  1  2  3  4  5  6  7 |
---------------+----------------------+-----
Evocations     | 4 5 6 7 |  7.0
Short Blades   | 3 4 5 |  5.3
Fighting       | |  0.7
Armour         | |  0.7
Dodging        | |  2.4
Stealth        | |  1.2

Action                   |  1- 3 |  4- 6 |  7- 9 || total
-------------------------+-------+-------+-------++-------
Melee: Club              |    69 |       |       ||    69
       Whip              |   127 |    67 |       ||   194
       Dagger            |       |   143 |    47 ||   190
       Punch             |       |     4 |       ||     4
Evoke: Wand              |     8 |    11 |       ||    19
       Piece from Xom's  |     4 |     4 |       ||     8
 Stab: Confused          |     2 |       |       ||     2
       Paralysed         |       |     7 |       ||     7
Armor: Plate armour      |   158 |   120 |       ||   278
       Leather armour    |     8 |       |       ||     8
       Ring mail         |       |    36 |    18 ||    54
Dodge: Dodged            |    35 |    48 |    26 ||   109
